 Dungeon Crawl Stone Soup version 0.18.1-50-g88ac8fd (webtiles) character file.

2674 Lukeanator the Cleaver (level 9, -8/69 HPs)
             Began as a Formicid Fighter on Oct 27, 2016.
             Was a Believer of the Shining One.
             Mangled by an ogre
             ... wielding a +0 giant club
              (24 damage)
             ... on level 7 of the Dungeon.
             The game lasted 00:33:51 (7498 turns).

Lukeanator the Cleaver (Formicid Fighter)           Turns: 7498, Time: 00:33:51

Health: -8/69      AC:  8    Str: 23 (25) XL:     9   Next: 95%
Magic:  9/9        EV:  9    Int:  7      God:    the Shining One [**....]
Gold:   450        SH: 11    Dex:  9 (10) Spells: 0 memorised, 8 levels left

rFire  . . .     SeeInvis +     a - +1 war axe
rCold  . . .     Gourm    .     b - +0 scale mail
rNeg   + + .     Faith    .     c - +0 shield
rPois  .         Spirit   .     (helmet unavailable)
rElec  .         Dismiss  .     h - +0 cloak
rCorr  .         Reflect  .     (no gloves)
SustAt .         Harm     .     (no boots)
MR     .....                    (no amulet)
Stlth  ..........               (no ring)
                                t - ring of positive energy

@: glowing, not resistant to hostile enchantments, extremely unstealthy
A: permanent stasis, dig shafts and tunnels, four strong arms, antennae 3
a: Dig, Shaft Self, Divine Shield, Renounce Religion


You were on level 7 of the Dungeon.
You worshipped the Shining One.
The Shining One was pleased with you.
You were hungry.

You visited 2 branches of the dungeon, and saw 8 of its levels.
You also visited: Ossuary.

You collected 450 gold pieces.

Inventory:

Hand Weapons
 a - a +1 war axe (weapon)
 D - a +0 trident
 E - a +0 mace
Missiles
 r - 69 bolts
 v - a throwing net (quivered)
Armour
 b - a +0 scale mail (worn)
 c - a +0 shield (worn)
 h - a +0 cloak (worn)
 p - a cursed +0 large shield
 q - a +0 plate armour
Jewellery
 t - a ring of positive energy (left hand)
Wands
 k - a wand of flame (21/48)
 A - a wand of heal wounds (3/9)
Scrolls
 e - a scroll of identify
 i - 2 scrolls of remove curse
 o - 7 scrolls of fear
 y - 3 scrolls of enchant armour {unknown}
 B - 2 scrolls of recharging
 F - 2 scrolls of immolation
 K - a scroll of enchant weapon
 L - 2 scrolls of blinking {unknown}
Potions
 d - 2 potions of might
 g - a potion of ambrosia {unknown}
 j - 4 potions of magic {unknown}
 m - a potion of heal wounds
 n - 2 potions of curing
 u - a potion of degeneration
 x - a potion of berserk rage {unknown}
 z - a potion of lignification {unknown}
 G - 2 potions of brilliance {unknown}
 I - 2 potions of cure mutation {unknown}
 J - a potion of haste {unknown}
Books
 C - a Grand Grimoire

   Spells                             Type                      Level
   a - Monstrous Menagerie            Summoning                    7
   b - Summon Greater Demon           Summoning                    7
   c - Malign Gateway                 Summoning/Translocation      7
   d - Summon Horrible Things         Summoning                    8
 N - a book of Flames

   Spells                             Type                      Level
   a - Flame Tongue                   Conjuration/Fire             1
   b - Throw Flame                    Conjuration/Fire             2
   c - Conjure Flame                  Conjuration/Fire             3
   d - Inner Flame                    Hexes/Fire                   3
   e - Sticky Flame                   Conjuration/Fire             4
   f - Fireball                       Conjuration/Fire             5
Comestibles
 f - 7 bread rations
 l - a fruit
 s - a royal jelly
 w - a slice of pizza
 H - a meat ration


   Skills:
 + Level 5.7 Fighting
 * Level 9.2 Axes
 + Level 5.7 Armour
 - Level 9.0 Shields


You had 8 spell levels left.
You didn't know any spells.

Dungeon Overview and Level Annotations

Branches:
Dungeon (7/15)             Temple (1/1) D:5

Altars:
Ashenzari
Cheibriados
Elyvilon
Fedhas
Gozag
Kikubaaqudgha
Makhleb
Nemelex Xobeh
Okawaru
Pakellas
Qazlal
Ru
Sif Muna
Trog
Vehumet
Xom
Zin
The Shining One


Innate Abilities, Weirdness & Mutations

You are under a permanent stasis effect.
You can dig through walls and to a lower floor.
Your four strong arms can wield two-handed weapons with a shield.
You have a pair of large antennae on your head (SInv).


Message History

You hit the ogre but do no damage.
The ogre is severely wounded.
The ogre hits you with a giant club!
You hit the ogre.
The ogre is severely wounded.
The ogre hits you with a giant club!!
* * * LOW HITPOINT WARNING * * *
You hit the ogre.
The ogre is severely wounded.
The ogre barely misses you.
Found a robe.
There is an escape hatch in the floor here.
Found 26 sling bullets.
There is an escape hatch in the floor here.
You slash the kobold!
You kill the kobold!
You barely miss the ogre.
The ogre is severely wounded.
The ogre hits you with a giant club!!
You die...

.#.## # ... #
#.######.# .# #.
.#........####.#
...
.............>.#
#.# ........#
†(##########.##..#
†.# #.##..# ...
...#..# ....
.#...... .....
.......... ......
.. .........


You could see 2 ogres.

Vanquished Creatures
  Pikel (D:5)
  The ghost of Franakus the Conjurer, a novice DECj (D:6)
  A black bear (D:7)
  5 ogres
  A big kobold (D:7)
  A giant frog (D:6)
  2 scorpions
  4 howler monkeys (D:7)
  2 crimson imps
  2 giant frog zombies
  3 hounds
  A centaur skeleton (D:5)
  An iguana (D:4)
  2 orc priests
  A giant frog skeleton (D:5)
  7 orc wizards
  4 worker ants (D:5)
  A killer bee zombie (D:5)
  2 big kobold zombies (Ossuary)
  4 mummies (Ossuary)
  A worker ant zombie (D:6)
  5 gnolls
  8 adders
  2 oozes
  3 adder zombies
  5 worms
  5 dart slugs
  4 giant geckos
  20 orcs
  4 bats
  5 giant cockroaches
  6 goblins
  8 hobgoblins
  6 jackals
  4 quokkas
  3 giant gecko skeletons (D:5)
  7 giant newts
  2 goblin zombies (Ossuary)
  3 hobgoblin zombies (Ossuary)
  A jackal zombie (Ossuary)
  12 kobolds
  2 orc zombies (Ossuary)
  37 rats
  A rat zombie (Ossuary)
200 creatures vanquished.

Notes
Turn   | Place    | Note
--------------------------------------------------------------
     0 | D:1      | Lukeanator the Formicid Fighter began the quest for the Orb.
     0 | D:1      | Reached XP level 1. HP: 18/18 MP: 1/1
   276 | D:1      | Reached XP level 2. HP: 18/24 MP: 2/2
   447 | D:1      | Found a sparkling altar of Nemelex Xobeh.
   589 | D:1      | Reached XP level 3. HP: 29/29 MP: 3/3
   779 | D:2      | Reached skill level 5 in Shields
   779 | D:2      | Reached XP level 4. HP: 25/35 MP: 4/4
   946 | D:2      | Reached XP level 5. HP: 28/41 MP: 5/5
  1106 | D:2      | Found a bloodstained altar of Trog.
  1351 | D:2      | Found a burning altar of Makhleb.
  1628 | D:3      | Reached XP level 6. HP: 31/47 MP: 6/6
  1859 | D:3      | Noticed an ogre
  1881 | D:3      | Killed an ogre
  2343 | D:3      | Reached skill level 5 in Axes
  2656 | D:3      | Reached XP level 7. HP: 47/52 MP: 7/7
  3187 | D:4      | Found a shattered altar of Ashenzari.
  3948 | D:4      | Found an opulent altar of Gozag.
  4345 | D:4      | Reached XP level 8. HP: 44/58 MP: 8/8
  4381 | D:5      | Entered Level 5 of the Dungeon
  4516 | D:5      | Found a staircase to the Ecumenical Temple.
  4541 | Temple   | Entered the Ecumenical Temple
  4586 | Temple   | Became a worshipper of the Shining One
  5226 | D:5      | Reached * piety under the Shining One
  5340 | D:5      | Noticed Pikel
  5352 | D:5      | Killed Pikel
  5352 | D:5      | Reached XP level 9. HP: 56/66 MP: 9/9
  5749 | D:6      | Found an iron altar of Okawaru.
  5771 | D:6      | Found a sand-covered staircase.
  5777 | D:6      | Noticed Franakus's ghost (novice DECj)
  5794 | D:6      | HP: 3/66 [poisoned by Franakus's ghost]
  5795 | D:6      | Killed Franakus's ghost
  5877 | D:6      | Reached skill level 5 in Fighting
  5877 | D:6      | Reached skill level 5 in Armour
  5945 | Ossuary  | Entered an ossuary
  5953 | Ossuary  | Reached ** piety under the Shining One
  6589 | D:6      | Found a deep blue altar of Sif Muna.
  7083 | D:6      | Found a radiant altar of Vehumet.
  7498 | D:7      | Mangled by an ogre

Skill      XL: |  1  2  3  4  5  6  7  8  9 |
---------------+----------------------------+-----
Shields        | 4 5 6 8 9 |  9.0
Axes           | 3 4 5 6 7 9 |  9.2
Fighting       | 4 5 |  5.7
Armour         | 4 5 |  5.7

Action                   |  1- 3 |  4- 6 |  7- 9 || total
-------------------------+-------+-------+-------++-------
Melee: War axe           |    46 |   201 |   333 ||   580
       Trident           |       |       |     4 ||     4
 Abil: Dig               |     2 |     5 |     6 ||    13
  Use: Scroll            |       |       |     9 ||     9
       Potion            |       |       |     5 ||     5
 Stab: Distracted        |       |       |     1 ||     1
  Eat: Chunk             |       |     7 |    14 ||    21
       Fruit             |       |       |     1 ||     1
Armor: Ring mail         |     5 |       |       ||     5
       Scale mail        |     8 |    77 |   111 ||   196
Dodge: Dodged            |    13 |    62 |   114 ||   189
Block: Shield            |    26 |   106 |   161 ||   293
